 Seeded DCSS version 0.30.1-4-g462c640d31 (webtiles) character file.

Game seed: 6351066067085065685 (custom seed)

1236 Esekla the Thaumaturge (level 8, -4/41 HPs)
             Began as a Deep Elf Wanderer on Sept 8, 2023.
             Was a Believer of Vehumet.
             Constricted to death by Pikel (11 damage)
             ... on level 6 of the Dungeon.
             The game lasted 00:33:57 (4670 turns).

Esekla the Thaumaturge (Deep Elf Wanderer)          Turns: 4670, Time: 00:33:57

Health: -4/41      AC:  5    Str: 11    XL:     8   Next: 24%
Magic:  22/22      EV: 10    Int: 21    God:    Vehumet [**....]
Gold:   351        SH:  0    Dex: 14    Spells: 14/24 levels left

rFire   . . .        s - +5 rapier of the Hero {heavy, rN+ Dex+3}
rCold   . . .        d - +0 buckler
rNeg    + . .        c - +0 robe
rPois   .            k - +0 helmet
rElec   .            B - +0 cloak
rCorr   .            j - +0 pair of gloves
SInv    .            (no boots)
Will    .....        y - amulet of magic regeneration
Stlth   +            (no ring)
HPRegen 0.26/turn    (no ring)
MPRegen 0.58/turn

%: no passive effects
@: confused, ambrosia-drunk, grasped by roots, constricted
A: no striking features
a: Renounce Religion


You were on level 6 of the Dungeon.
You worshipped Vehumet.
Vehumet was pleased with you.
You visited 1 branch of the dungeon, and saw 7 of its levels.

You collected 351 gold pieces.

Inventory:

Hand Weapons
 a - a +1 short sword of freezing
 r - a +0 trident
 s - the +5 rapier of the Hero (weapon) {heavy, rN+ Dex+3}
   (You found it on level 3 of the Dungeon)

   Dex:       It affects your dexterity (+3).
   rN:        It protects you from negative energy.
Missiles
 q - 9 poisoned darts (quivered)
Armour
 c - a +0 robe (worn)
 d - a +0 buckler (worn)
 j - a +0 pair of gloves (worn)
 k - a +0 helmet (worn)
 B - a +0 cloak (worn)
Jewellery
 y - an amulet of magic regeneration (around neck)
Wands
 o - a wand of roots (16)
 x - a wand of flame (15)
 D - a wand of mindburst (9)
Scrolls
 g - 6 scrolls of identify {unknown}
 m - 2 scrolls of amnesia {unknown}
 n - a scroll of immolation {unknown}
 p - a scroll of enchant armour {unknown}
 u - 2 scrolls of fog {unknown}
 v - 4 scrolls of blinking {unknown}
 w - 3 scrolls of enchant weapon {unknown}
 z - a scroll of magic mapping {unknown}
 A - a scroll of fear
 C - 2 scrolls of poison {unknown}
 E - 2 scrolls of teleportation {unknown}
Potions
 b - 2 potions of lignification
 e - a potion of ambrosia
 f - 3 potions of attraction {unknown}
 h - a potion of heal wounds {unknown}
 i - 2 potions of curing
 l - a potion of mutation {unknown}
 t - 3 potions of brilliance {unknown}
 F - a potion of haste


   Skills:
 + Level 3.1 Short Blades
 + Level 0.9 Throwing
 * Level 4.1 Dodging
 + Level 3.5 Stealth
 + Level 1.9 Shields
 * Level 8.9 Spellcasting
 + Level 2.4 Conjurations
 * Level 4.5 Necromancy
 + Level 3.3 Translocations
 + Level 1.0 Invocations


You had 14 spell levels left.
You knew the following spells:

 Your Spells              Type           Power      Damage    Failure   Level
a - Magic Dart            Conj           76%        1d6       4%          1
b - Blink                 Tloc           46%        N/A       4%          2
d - Vampiric Draining     Necr           28%        2d8       4%          3
p - Apportation           Tloc           46%        N/A       2%          1
t - Teleport Other        Tloc           23%        N/A       8%          3

Your spell library contained the following spells:

 Spells                   Type           Power      Damage    Failure   Level
 Shock                    Conj/Air       56%        1d6       6%          1
 Lesser Beckoning         Tloc           46%        N/A       4%          2
 Gell's Gravitas          Tloc           23%        N/A       8%          3
 Ignite Poison            Fire/Tmut/Pois 9%         N/A       32%         3
 Spider Form              Tmut/Pois      9%         N/A       32%         3
 Cause Fear               Hex            4%         N/A       71%         4
 Summon Mana Viper        Hex/Summ       9%         N/A       96%         5


Dungeon Overview and Level Annotations

Branches:
Dungeon (7/15)
 Temple: D:4-7

Altars:
Dithmenos
Hepliaklqana
Okawaru
Qazlal
Trog
Vehumet
Zin
The Shining One

Shops:
D:2 =   D:4 (

Annotations:
D:6 Blork the orc, Pikel


Message History

You kill the white imp!
Vehumet accepts your kill.
You hear a shout!
Pikel says, "You'll make a fine lemure."
Pikel zaps a wand.
The roots erupt in riotous growth!
The grasping roots grab you! The grasping roots constrict you.
* * * LOW HITPOINT WARNING * * *
You hear a shout!
The roots grasp on you weakens, but your attempt to escape fails.
The grasping roots constrict you.
* * * LOW HITPOINT WARNING * * *
You escape the roots grasp.
You see here a sky beast corpse.
It was a potion of ambrosia.
You are confused.
You feel invigorated.
An adder is nearby!
The adder hisses angrily.
The lemure shouts!
Pikel zaps a wand.
The roots erupt in riotous growth!
The grasping roots grab you! The grasping roots constrict you.
You escape the roots grasp.
Pikel zaps a wand.
The roots erupt in riotous growth!
The grasping roots grab you!
Pikel is unaffected.
The grasping roots constrict you!
You bump into the rock wall.
The adder bites you but does no damage.
Pikel hits you with a +1 whip of flaming.
Pikel burns you.
* * * LOW HITPOINT WARNING * * *
The grasping roots constrict you.
* * * LOW HITPOINT WARNING * * *
You miss the adder. The adder closely misses you. Pikel barely misses you.
The grasping roots constrict you!
* * * LOW HITPOINT WARNING * * *
The adder bites you.
* * * LOW HITPOINT WARNING * * *
Pikel barely misses you. The grasping roots constrict you!
You die...

#...5...#.........##
#...5...# #........#
####.#### #..##.#..#
#.######..#~.#5.#
#######....5......##..#
.5.....K####.#........#
.##.........#.......†####
.5K.#......###S...#.....# #
5##
##...##.#@###.#.....###.#.
.#####..####K## #.#.........
. ........#
#......#......#### #.#####.#
########<........# ##.##
###.#####. #...#
#########.#### # #...##.>...
#.......#
#........##.#.#...#.####
#####...##.#..#.#............


You could see Pikel and an adder.

Vanquished Creatures
  A wyvern (D:7)
  Menkaure (D:7)
  A sky beast (D:6)
  A black bear (D:2)
  A centaur (D:7)
  2 scorpions (D:5)
  5 hounds
  A jelly (D:6)
  Crazy Yiuf (D:7)
  A sleepcap (D:5)
  5 iguanas
  An orc wizard (D:7)
  7 gnolls
  8 adders
  3 white imps
  An ufetubus (D:6)
  A worm (D:4)
  3 dart slugs
  11 orcs
  4 endoplasms
  8 goblins
  4 hobgoblins
  A quokka (D:1)
  6 ball pythons
  4 bats
  4 frilled lizards
  5 kobolds
  A rat (D:2)
92 creatures vanquished.

Notes
Turn   | Place    | Note
-------+----------+-------------------------------------------
     0 | D:1      | Esekla the Deep Elf Wanderer began the quest for the Orb.
     0 | D:1      | Esekla set off with the following items: a +0 club, a
                  | potion of lignification, a +0 robe, a +0 buckler; and the
                  | following spells available to memorise: Apportation, Blink,
                  | Lesser Beckoning, Magic Dart, Ignite Poison, Vampiric
                  | Draining.
     0 | D:1      | Reached XP level 1. HP: 10/10 MP: 7/7
     2 | D:1      | Learned a level 1 spell: Magic Dart
     4 | D:1      | Learned a level 1 spell: Apportation
   374 | D:4      | Found a radiant altar of Vehumet.
   385 | D:4      | Found an iron altar of Okawaru.
   396 | D:4      | Found a glowing silver altar of Zin.
   479 | D:4      | Became a worshipper of Vehumet
   685 | D:3      | Reached XP level 2. HP: 15/15 MP: 7/9
   784 | D:3      | Identified the +5 rapier of the Hero {heavy, rN+ Dex+3}
   815 | D:2      | Found Renulab's Jewellery Shop.
  1027 | D:3      | Reached skill level 1 in Necromancy
  1233 | D:2      | Noticed a black bear
  1346 | D:3      | Reached XP level 3. HP: 8/19 MP: 9/11
  1351 | D:3      | Learned a level 2 spell: Blink
  1355 | D:3      | Learned a level 3 spell: Vampiric Draining
  1645 | D:3      | Found a stormy altar of Qazlal.
  1671 | D:3      | Reached skill level 1 in Dodging
  1671 | D:3      | Reached skill level 5 in Spellcasting
  1710 | D:3      | Found a hazy altar of Hepliaklqana.
  1712 | D:3      | Found a bloodstained altar of Trog.
  1738 | D:3      | Reached XP level 4. HP: 11/24 MP: 9/13
  1948 | D:2      | Found a faded altar of an unknown god.
  2153 | D:1      | Learned a level 3 spell: Teleport Other
  2176 | D:1      | Reached * piety under Vehumet
  2176 | D:1      | Offered knowledge of Sandblast by Vehumet.
  2285 | D:1      | Reached skill level 1 in Short Blades
  2608 | D:2      | Reached skill level 1 in Conjurations
  2608 | D:2      | Reached XP level 5. HP: 25/28 MP: 15/15
  2750 | D:2      | Killed a black bear
  2751 | D:2      | Reached skill level 6 in Spellcasting
  2960 | D:5      | Entered Level 5 of the Dungeon
  3042 | D:5      | Reached XP level 6. HP: 29/32 MP: 9/17
  3138 | D:4      | Found Ponaysk's Antique Weapon Boutique.
  3196 | D:4      | Found a glowing golden altar of the Shining One.
  3522 | D:5      | Found a shadowy altar of Dithmenos.
  3569 | D:5      | Got the Parchment of the Lumpy Olives
  3701 | D:6      | Noticed an ice beast
  3861 | D:5      | Reached XP level 7. HP: 36/36 MP: 19/19
  3885 | D:5      | Reached skill level 7 in Spellcasting
  4140 | D:6      | Noticed Pikel
  4191 | D:7      | Found a runed translucent door.
  4192 | D:7      | Noticed Crazy Yiuf
  4199 | D:7      | Killed Crazy Yiuf
  4240 | D:7      | Noticed a wyvern
  4245 | D:7      | Killed a wyvern
  4287 | D:7      | Offered knowledge of Shock by Vehumet.
  4324 | D:7      | Noticed Menkaure
  4328 | D:7      | Killed Menkaure
  4329 | D:7      | Reached skill level 8 in Spellcasting
  4360 | D:7      | Reached ** piety under Vehumet
  4426 | D:7      | Reached XP level 8. HP: 35/41 MP: 10/22
  4557 | D:6      | Noticed Blork the orc
  4670 | D:6      | Constricted to death by Pikel

Illustrated notes

Levels and vault maps discovered:
D:1:      sevenhm_arrival_forest_fort_small_3, layout_rooms,
          chequers_serial_rivers_room_b, minmay_misc_feat_five
D:2:      layout_loops_ring, dreamdust_ecumenical_altar_angels_and_demons,
          serial_shops, shop
D:3:      layout_basic, grunt_temple_overflow_open, minmay_misc_feat_iff
D:4:      layout_basic, nicolae_overflow_quartered_altars, serial_shops,
          nicolae_diamond_shop
D:5:      layout_loops_ring, lemuel_doored_altar, minmay_misc_feat_rows,
          dreamdust_wishing_well
D:6:      layout_loops_cross, fedhas_altar_fruit_tree,
          minmay_temple_entry_glass, uniq_pikel, uniq_blork_the_orc
D:7:      layout_basic, uniq_menkaure, uniq_joseph, uniq_crazy_yiuf_cottage

Skill      XL: |  1  2  3  4  5  6  7  8 |
---------------+-------------------------+-----
Necromancy     | 1 2 3 4 |  4.5
Dodging        | 1 2 3 4 |  4.1
Spellcasting   | 5 6 8 |  8.9
Short Blades   | 1 2 3 |  3.1
Conjurations   | 1 2 |  2.4
Translocations | 3 |  3.3
Stealth        | 2 3 |  3.5
Throwing       | |  0.9
Shields        | |  1.9
Invocations    | |  1.0

Action                     |  1- 3 |  4- 6 |  7- 9 || total
---------------------------+-------+-------+-------++-------
  Melee: Short sword       |    63 |    85 |    32 ||   180
         Rapier            |       |    12 |    34 ||    46
  Throw: Dart              |       |    17 |       ||    17
   Cast: Apportation       |    36 |    11 |     5 ||    52
         Magic Dart        |    25 |    44 |     8 ||    77
         Vampiric Draining |     1 |     9 |    21 ||    31
         Teleport Other    |       |       |     1 ||     1
         Blink             |       |       |     3 ||     3
    Use: Scroll            |     1 |     1 |       ||     2
         Potion            |       |       |     4 ||     4
   Stab: Sleeping          |       |     6 |     3 ||     9
 Armour: Robe              |    15 |    16 |    35 ||    66
  Dodge: Dodged            |    37 |    48 |    71 ||   156
  Block: Buckler           |    14 |    17 |    17 ||    48
